 Dungeon Crawl Stone Soup version 0.19-a0-1168-g98094fc (webtiles) character file.

630 Ijustatesigmund the Cudgeler (level 7, -17/56 HPs)
             Began as a Demonspawn Fighter on Aug 15, 2016.
             Was an Initiate of Okawaru.
             Demolished by an ogre
             ... wielding a +0 giant club
              (18 damage)
             ... on level 5 of the Dungeon.
             The game lasted 00:07:28 (5708 turns).

Ijustatesigmund the Cudgeler (Demonspawn Fighter)   Turns: 5708, Time: 00:07:28

Health: -17/56     AC:  8    Str: 22    XL:     7   Next: 24%
Magic:  8/8        EV:  5    Int:  9    God:    Okawaru [......]
Gold:   213        SH:  9    Dex: 14    Spells: 0 memorised, 6 levels left

rFire  . . .     SeeInvis .     a - +0 flail
rCold  . . .     Gourm    .     g - +0 chain mail
rNeg   . . .     Faith    .     c - +0 shield
rPois  .         Spirit   .     (helmet restricted)
rElec  .         Dismiss  .     (no cloak)
rCorr  .         Reflect  .     (no gloves)
MR     .....     Harm     .     (no boots)
Stlth  ..........               (no amulet)
                                (no ring)
                                (no ring)

@: mighty
A: horns 1, powered by death 1, powered by pain 3
a: Renounce Religion


You were on level 5 of the Dungeon.
You worshipped Okawaru.
Okawaru was noncommittal.
You were not hungry.

You visited 2 branches of the dungeon, and saw 6 of its levels.

You collected 213 gold pieces.

Inventory:

Hand Weapons
 a - a +0 flail (weapon)
Missiles
 k - 7 tomahawks (quivered)
Armour
 c - a +0 shield (worn)
 g - a +0 chain mail (worn)
Wands
 i - a wand of random effects (8/48)
Scrolls
 h - a scroll of fear
 j - 5 scrolls of remove curse
 m - a scroll of noise {unknown}
 r - a scroll of enchant weapon {unknown}
 s - a scroll of enchant armour {unknown}
Potions
 b - a potion of might
 d - a potion of cancellation {unknown}
 e - a potion of resistance {unknown}
 l - a potion of heal wounds
 n - 4 potions of brilliance
 q - a potion of haste {unknown}
Comestibles
 f - 2 bread rations
 o - a meat ration


   Skills:
 + Level 5.2 Fighting
 * Level 6.1 Maces & Flails
 - Level 2.6 Armour
 - Level 2.6 Shields
 + Level 1.3 Invocations


You had 6 spell levels left.
You didn't know any spells.

Dungeon Overview and Level Annotations

Branches:
Dungeon (5/15)             Temple (1/1) D:4

Altars:
Ashenzari
Cheibriados
Dithmenos
Elyvilon
Fedhas
Gozag
Hepliaklqana
Makhleb
Okawaru
Pakellas
Qazlal
Ru
Uskayaw
Yredelemnul
Zin
The Shining One


Innate Abilities, Weirdness & Mutations

You have a pair of small horns on your head.
You regenerate a little health from kills.
You are powered by pain.


Message History

You open the door. 2 ogres come into view.
The ogre shouts! x2
Found a potion of degeneration.
There is an open door here.
The ogre hits you with a giant club. The ogre hits you with a giant club!
You focus on the pain.
You feel very mighty all of a sudden.
You bludgeon the ogre!! You headbutt the ogre.
The ogre is almost dead.
The ogre hits you with a giant club. You block the ogre's attack.
You barely miss the ogre.
The ogre is almost dead.
You block the ogre's attack. The ogre hits you with a giant club!
You barely miss the ogre.
The ogre is severely wounded.
The ogre hits you with a giant club!!
* * * LOW HITPOINT WARNING * * *
The ogre hits you with a giant club!!
You die...

..........#...#........
..........#...#.[......
..).......#...#........
+#######'######........
###.##.##...#........
#....#......#........
#....#......#
#..O.#......#
#.!O@'......#
#....#......#
#############


You could see 2 ogres.

Vanquished Creatures
  An ogre (D:4)
  The ghost of HaroldButt the Ruffian, an amateur DrTm (D:3)
  A centaur (D:5)
  A hound (D:4)
  A centaur skeleton (D:4)
  2 worker ants
  9 adders
  A shadow imp (D:4)
  An ooze (D:2)
  An adder skeleton (D:5)
  3 worms (D:2)
  A dart slug (D:4)
  2 giant geckos (D:4)
  14 orcs
  5 giant cockroaches
  5 goblins
  7 hobgoblins
  4 jackals (D:4)
  9 kobolds
  2 quokkas
  A ball python (D:3)
  6 bats
  A giant gecko skeleton (D:3)
  2 giant newts
  A quokka skeleton (D:5)
  6 rats
88 creatures vanquished.

Vanquished Creatures (others)
  The ghost of Xiguana the Conjurer, an amateur TeCj (D:4)
  2 fulminant prisms (D:4)
  4 toadstools (D:1)
7 creatures vanquished.

Grand Total: 95 creatures vanquished

Notes
Turn   | Place    | Note
-------+----------+-------------------------------------------
     0 | D:1      | Ijustatesigmund the Demonspawn Fighter began the quest for the Orb.
     0 | D:1      | Reached XP level 1. HP: 18/18 MP: 1/1
    80 | D:1      | Reached skill level 2 in Maces & Flails
   450 | D:1      | Gained mutation: You sometimes gain a little power by taking damage. [demonic ancestry]
   450 | D:1      | Reached XP level 2. HP: 18/24 MP: 2/2
  1014 | D:2      | Reached XP level 3. HP: 22/29 MP: 3/3
  1108 | D:2      | Found a sacrificial altar of Ru.
  1150 | D:2      | Reached skill level 3 in Maces & Flails
  2022 | D:2      | Gained mutation: You sometimes gain power by taking damage. [demonic ancestry]
  2022 | D:2      | Reached XP level 4. HP: 22/37 MP: 4/4
  2367 | D:3      | Found a hazy altar of Hepliaklqana.
  2450 | D:3      | Found a glowing silver altar of Zin.
  2451 | D:3      | Noticed an angel
  2499 | D:3      | Noticed HaroldButt's ghost (amateur DrTm)
  2519 | D:3      | Killed HaroldButt's ghost
  2519 | D:3      | Reached skill level 4 in Maces & Flails
  2519 | D:3      | Gained mutation: You are powered by pain. [demonic ancestry]
  2519 | D:3      | Reached XP level 5. HP: 7/42 MP: 5/5
  3111 | D:3      | Found a stormy altar of Qazlal.
  3594 | D:4      | Noticed an ogre
  3602 | D:4      | HP: 2/42 [ogre/giant spiked club (17)]
  3604 | D:4      | Killed an ogre
  3604 | D:4      | Reached skill level 5 in Maces & Flails
  3604 | D:4      | Gained mutation: You have a pair of small horns on your head. [demonic ancestry]
  3604 | D:4      | Reached XP level 6. HP: 3/49 MP: 6/6
  3912 | D:4      | Noticed Xiguana's ghost (amateur TeCj)
  3922 | D:4      | Killed Xiguana's ghost
  4088 | D:4      | Found a snail-covered altar of Cheibriados.
  4491 | D:4      | Found a staircase to the Ecumenical Temple.
  4559 | D:4      | Found a blossoming altar of Fedhas.
  4599 | D:4      | Found a basalt altar of Yredelemnul.
  4753 | D:4      | Found a hide-covered altar of Uskayaw.
  5018 | D:4      | Reached skill level 5 in Fighting
  5257 | Temple   | Entered the Ecumenical Temple
  5331 | Temple   | Became a worshipper of Warmaster Okawaru
  5352 | D:4      | Gained mutation: You regenerate a little health from kills. [demonic ancestry]
  5352 | D:4      | Reached XP level 7. HP: 56/56 MP: 7/7
  5368 | D:5      | Entered Level 5 of the Dungeon
  5563 | D:5      | Reached skill level 6 in Maces & Flails
  5563 | D:5      | Reached skill level 1 in Invocations
  5708 | D:5      | HP: 1/56 [ogre/giant club (24)]
  5708 | D:5      | Demolished by an ogre

Vault maps used:
D:1:      ldierk_walled_garden_2
D:2:      nicolae_ru_the_path_less_chosen, grunt_ministairs_3, minivault_25
D:3:      overflow_temple_1_default, zin_angel, first_bread, grunt_qazlal_clouds
D:4:      old_standard_altar, kennysheep_mini_moat, lemuel_round_altar,
          kennysheep_slug_shrine
D:5:      amethyst_overflow_temple_binary, uniq_blork_the_orc
Temple:   dpeg_three_leaves_temple

Skill      XL: |  1  2  3  4  5  6  7 |
---------------+----------------------+-----
Maces & Flails | 2 3 4 5 6 |  6.1
Fighting       | 4 5 |  5.2
Invocations    | 1 |  1.3
Armour         | |  2.6
Shields        | |  2.6

Action                   |  1- 3 |  4- 6 |  7- 9 || total
-------------------------+-------+-------+-------++-------
Melee: Flail             |   168 |   198 |    25 ||   391
       Headbutt          |       |    13 |     5 ||    18
Evoke: Wand              |       |     2 |       ||     2
  Use: Scroll            |     3 |     1 |       ||     4
       Potion            |     2 |     2 |       ||     4
  Eat: Chunk             |     3 |     7 |       ||    10
       Royal jelly       |       |     1 |       ||     1
       Bread ration      |       |     1 |       ||     1
Armor: Scale mail        |    97 |    50 |       ||   147
       Chain mail        |       |    52 |     8 ||    60
Dodge: Dodged            |    56 |    56 |     2 ||   114
Block: Shield            |    96 |   105 |    16 ||   217
